 Dungeon Crawl Stone Soup version 0.17-a0-2055-gb4e23be (webtiles) character file.

618 4thArraOfDagon the Chopper (level 7, -6/64 HPs)
             Began as a Deep Dwarf Berserker on Oct 11, 2015.
             Was a Follower of Trog.
             Mangled by an orc warrior
             ... wielding a +0 flail
              (12 damage)
             ... on level 7 of the Dungeon.
             The game lasted 00:04:52 (739 turns).

4thArraOfDagon the Chopper (Deep Dwarf Berserker)    Turns: 739, Time: 00:04:53

Health: -6/64      AC:  5    Str: 21    XL:     7   Next: 21%
Magic:  9/9        EV: 12    Int:  9    God:    Trog [*.....]
Gold:   29         SH:  0    Dex: 12    Spells: 0 memorised, 6 levels left

rFire  . . .     SeeInvis .     g - +0 war axe
rCold  + . .     Clarity  .     h - +2 leather armour {rC+}
rNeg   + . .     SustAt   .     (no shield)
rPois  .         Gourm    .     (no helmet)
rElec  .         Spirit   .     (no cloak)
rCorr  .         Warding  .     (no gloves)
rMut   .         Stasis   .     (no boots)
MR     +....                    (no amulet)
Stlth  +.........               (no ring)
                                b - ring of positive energy

@: exhausted, non-regenerating, slowed, very slow, somewhat resistant to hostile
enchantments, very unstealthy
A: damage resistance, recharge devices, sense surroundings 1, slow regeneration
3
a: Device Recharging, Burn Spellbooks, Berserk, Renounce Religion


You were on level 7 of the Dungeon.
You worshipped Trog.
Trog was aware of your devotion.
You were not hungry.

You visited 1 branch of the dungeon, and saw 7 of its levels.

You collected 29 gold pieces.

Inventory:

Hand Weapons
 a - a +1 hand axe
 g - a +0 war axe (weapon)
Armour
 h - a +2 leather armour of cold resistance (worn)
Jewellery
 b - a ring of positive energy (left hand)
Wands
 c - a wand of heal wounds (3)
 l - a wand of magic darts (26)
Scrolls
 j - a scroll of immolation {unknown}
 k - a scroll of remove curse {unknown}
 m - 2 scrolls of identify {unknown}
 n - a scroll of enchant armour {unknown}
Potions
 e - a potion of might {unknown}
 i - a potion of cancellation {unknown}
Comestibles
 f - a meat ration
 o - a chunk of flesh


   Skills:
 + Level 4.3 Fighting
 * Level 6.4 Axes
 + Level 4.5 Armour
 - Level 2.1 Dodging
 + Level 3.4 Evocations


You had 6 spell levels left.
You didn't know any spells.

Dungeon Overview and Level Annotations

Branches:
Dungeon (8/15)
 Temple: D:4-7         Lair: D:8-11

Altars:
Dithmenos
Elyvilon
Fedhas
Sif Muna


Innate Abilities, Weirdness & Mutations

You are resistant to damage.
You can recharge devices by infusing magical energy.
You passively map a small area around you.
You do not regenerate naturally.


Message History

The orc wizard seems to speed up.
Found a chain mail.
Unknown command.
Eat a chunk of flesh? (ye/n/q/i?)
Okay, then.
Eat a chunk of flesh? (ye/n/q/i?) Eat which item? (? for menu, Esc to quit)
The orc wizard hits you but does no damage.
The orc priest closely misses you. The orc priest barely misses you.
The orc priest invokes the aid of Beogh against you.
Something smites you!
* * * LOW HITPOINT WARNING * * *
You continue eating.
The orc priest hits you with a club. The orc priest closely misses you.
The orc warrior hits you with a flail. The orc priest closely misses you.
You continue eating.
The orc wizard mumbles some strange words.
The orc wizard blinks!
The orc priest barely misses you. The orc warrior hits you with a flail!
You die...

#.......
, #......
, #.....
* #.... ,
#..., , ,
#.., , ,
#.### , *
#@o§# ,*
* *
#oo...#*
,
#.......#
##.o..###
[.### *
*### ,, *
, , , , *
,


You could see an orc warrior, 2 orc priests and an orc wizard.

Vanquished Creatures
  A two-headed ogre (D:8)
  A centaur (D:8)
  2 giant frogs
  A crimson imp (D:6)
  A hound (D:6)
  An orc priest (D:3)
  A giant frog skeleton (D:6)
  2 iguanas
  2 adders
  A giant gecko (D:7)
  2 orcs (D:3)
  A bat (D:3)
  A giant cockroach (D:7)
  2 goblins
  A hobgoblin (D:3)
  A quokka (D:3)
21 creatures vanquished.

Notes
Turn   | Place    | Note
--------------------------------------------------------------
     0 | D:1      | 4thArraOfDagon the Deep Dwarf Berserker began the quest for the Orb.
     0 | D:1      | Reached XP level 1. HP: 20/20 MP: 1/1
   100 | D:2      | FUCKIN LAG
   100 | D:2      | LAB*
   100 | D:2      | +2k
   197 | D:2      | Found a shadowy altar of Dithmenos.
   256 | D:3      | Noticed an orc priest
   258 | D:3      | Killed an orc priest
   258 | D:3      | Reached skill level 4 in Axes
   258 | D:3      | Reached XP level 2. HP: 28/28 MP: 2/2
   258 | D:3      | Reached XP level 3. HP: 34/34 MP: 3/3
   378 | D:4      | You fall through a shaft for 2 floors!
   396 | D:6      | Found a white marble altar of Elyvilon.
   424 | D:6      | Reached XP level 4. HP: 42/42 MP: 4/4
   500 | D:6      | Found a blossoming altar of Fedhas.
   517 | D:6      | nearby,huh?
   533 | D:6      | Found a deep blue altar of Sif Muna.
   539 | D:6      | f it
   542 | D:6      | Noticed an orc warrior
   549 | D:6      | Reached skill level 5 in Axes
   549 | D:6      | Reached skill level 1 in Evocations
   549 | D:6      | Reached XP level 5. HP: 30/49 MP: 5/5
   618 | D:8      | Noticed a centaur
   629 | D:8      | Noticed a two-headed ogre
   637 | D:8      | Killed a centaur
   637 | D:8      | Reached XP level 6. HP: 57/57 MP: 7/7
   639 | D:8      | Killed a two-headed ogre
   639 | D:8      | Reached skill level 6 in Axes
   639 | D:8      | Reached XP level 7. HP: 38/64 MP: 7/9
   648 | D:8      | Acquired Trog's second power
   660 | D:8      | Noticed an ogre
   699 | D:7      | Noticed a hungry ghost
   699 | D:7      | Noticed a hungry ghost
   711 | D:7      | NO
   736 | D:6      | You fall through a shaft!
   736 | D:7      | Noticed an orc warrior
   739 | D:7      | Mangled by an orc warrior

Vault maps used:
D:1:      nicolae_arrival_somewhat_less_tricky_arrival, serial_corexii_hall,
          corexii_hall_statues_l, corexii_hall_statues_i
D:2:      lemuel_coloured_pillars_altar, nicolae_dithmenos_shadow_blocks,
          nicolae_gozag_seed_capital, first_bread, uniq_robin
D:3:      st_stairs_3
D:4:      tso_altar, lemuel_round_altar, gammafunk_temple_overflow_elements,
          st_stairs_8, minivault_11
D:6:      led_sif_pool, fedhas_altar_1, elyvilon_altar_4, portal_sewer_entry_b
D:7:      old_forge, nicolae_ashenzari_panopticon, overflow_temple_1_default,
          enter_ossuary_1, bloody_trog, uniq_menkaure
D:8:      hangedman_ranch

Action                   |  1- 3 |  4- 6 |  7- 9 || total
-------------------------+-------+-------+-------++-------
Melee: Hand axe          |    22 |     4 |       ||    26
       War axe           |       |    30 |    25 ||    55
Invok: Berserk           |     2 |     2 |     1 ||     5
       Trog's Hand       |       |       |     1 ||     1
Evoke: Wand              |       |     2 |       ||     2
  Use: Scroll            |     1 |       |       ||     1
  Eat: Chunk             |       |     2 |     3 ||     5
       Bread ration      |       |       |     1 ||     1
